 Dungeon Crawl Stone Soup version 0.23.2 (webtiles) character file.

Game seed: 11264641636968719394

132 Gargoyl the Skirmisher (level 4, -1/39 HPs)
             Began as a Centaur Abyssal Knight on Apr 9, 2019.
             Was a Believer of Lugonu.
             Slain by a gnoll
             ... wielding a +0 halberd
              (2 damage)
             ... on level 2 of the Dungeon.
             The game lasted 00:03:52 (2816 turns).

Gargoyl the Skirmisher (Centaur Abyssal Knight)     Turns: 2816, Time: 00:03:52

Health: -1/39      AC: 10    Str: 15    XL:     4   Next: 92%
Magic:  5/5        EV:  4    Int: 11    God:    Lugonu [**....]
Gold:   122        SH:  0    Dex:  9    Spells: 3/3 levels left

rFire    . . .     SeeInvis .   a - +2 hand axe
rCold    . . .     Gourm    .   (no shield)
rNeg     . . .     Faith    .   d - +0 chain mail
rPois    .         Spirit   .   (no helmet)
rElec    .         Reflect  .   l - +0 cloak
rCorr    .         Harm     .   g - +0 pair of gloves
MR       .....                  (no barding)
Stlth    ..........             (no amulet)
HPRegen  0.13/turn              h - ring of flight
MPRegen  0.09/turn              (no ring)

@: very quick
A: large, hooves 3, deformed body, speed 2, tough skin 3
a: Depart the Abyss, Bend Space, Renounce Religion, Evoke Flight


You were on level 2 of the Dungeon.
You worshipped Lugonu.
Lugonu was pleased with you.
You were not hungry.

You visited 1 branch of the dungeon, and saw 3 of its levels.
You visited the Abyss 1 time.

You collected 122 gold pieces.

Inventory:

Hand Weapons
 a - a +2 hand axe (weapon)
Armour
 d - a +0 chain mail (worn)
 g - a +0 pair of gloves (worn)
 l - a +0 cloak (worn)
Jewellery
 h - a ring of flight (left hand)
Scrolls
 i - 2 scrolls of teleportation
 m - 2 scrolls of identify {unknown}
Potions
 b - a potion of curing {unknown}
 k - a potion of resistance {unknown}
Comestibles
 c - 6 rations
 f - 5 chunks of flesh


   Skills:
 + Level 3.6 Fighting
 + Level 2.5 Axes
 * Level 2.4 Armour
 * Level 1.5 Dodging
 * Level 2.5 Invocations


You had 3 spell levels left.
You didn't know any spells.
Your spell library was empty.

Dungeon Overview and Level Annotations

Branches:
Dungeon (3/15)

Altars:
Fedhas
Qazlal


Innate Abilities, Weirdness & Mutations

You have hooves in place of feet.
Armour fits poorly on your strangely shaped body.
You cover ground very quickly.
You have extremely tough skin. (AC +3)


Message History

The gnoll hits you but does no damage. The gnoll barely misses you.
The gnoll hits you. The gnoll hits you with a +0 halberd.
Unknown command.
You closely miss the gnoll. You kick the gnoll, but do no damage.
You hit the gnoll.
The gnoll hits you from afar with a +0 spear.
The gnoll hits you but does no damage.
The gnoll hits you from afar with a +0 spear.
* * * LOW HITPOINT WARNING * * *
The gnoll hits you with a +0 halberd.
* * * LOW HITPOINT WARNING * * *
You barely miss the gnoll. You hit the gnoll but do no damage.
The gnoll hits you.
* * * LOW HITPOINT WARNING * * *
The gnoll barely misses you. The gnoll hits you but does no damage.
Unknown command.
Your chain mail prevents you from hitting the gnoll.
You closely miss the gnoll. The gnoll hits you but does no damage.
The gnoll barely misses you. The gnoll hits you with a +0 halberd.
You die...

#)# #)# #.# #.# #g# #g#
######## #(#
######[...g.# #g#
........>##@# #.#
..........#g# #.#
####..##..#g###.#
#......#.[...#
#.#####...##.#######
#.....#..........#####
#######รท#....#.#.......#
..##.##.#.....[#.#.###.#
#.##...)##.#####.#.#


You could see 3 gnolls.

Vanquished Creatures
  A centaur zombie (D:2)
  A gnoll (D:2)
  3 adders (D:2)
  A dart slug (D:1)
  2 leopard geckos
  A ball python (D:1)
  8 bats
  3 giant cockroaches
  6 goblins
  6 hobgoblins
  2 jackals (D:2)
  8 kobolds
  2 quokkas
  4 frilled lizards
  13 rats
61 creatures vanquished.

Notes
Turn   | Place    | Note
-------+----------+-------------------------------------------
     0 | Abyss:1  | Gargoyl the Centaur Abyssal Knight began the quest for the
                  | Orb.
     0 | Abyss:1  | Reached XP level 1. HP: 19/19 MP: 2/2
    24 | Abyss:1  | Noticed a ynoxinul
    25 | Abyss:1  | Noticed a spatial maelstrom
    29 | Abyss:1  | Found a corrupted altar of Lugonu.
   109 | Abyss:1  | Noticed a wretched star
   110 | D:1      | Escaped the Abyss
   451 | D:1      | Reached * piety under Lugonu
   456 | D:1      | Reached XP level 2. HP: 26/26 MP: 3/3
   928 | D:1      | Reached skill level 1 in Dodging
  1019 | D:1      | Reached XP level 3. HP: 23/31 MP: 4/4
  1865 | D:2      | HP: 1/31 [poisoned by an adder]
  2260 | D:2      | Reached XP level 4. HP: 25/38 MP: 5/5
  2425 | D:2      | Found a stormy altar of Qazlal.
  2429 | D:2      | Found a blossoming altar of Fedhas.
  2601 | D:3      | Reached ** piety under Lugonu
  2815 | D:2      | HP: 1/39 [gnoll (5)]
  2816 | D:2      | Slain by a gnoll

Skill      XL: |  1  2  3 |
---------------+----------+-----
Dodging        | 1 |  1.5
Axes           | 2 |  2.5
Armour         | 2 |  2.4
Fighting       | |  3.6
Invocations    | |  2.5

Action                   |  1- 3 |  4- 6 || total
-------------------------+-------+-------++-------
Melee: Hand axe          |   146 |    55 ||   201
       Kick              |    20 |     7 ||    27
Invok: Depart the Abyss  |     1 |       ||     1
  Use: Scroll            |     3 |       ||     3
       Potion            |     3 |       ||     3
  Eat: Chunk             |     3 |     2 ||     5
Armor: Leather armour    |    92 |       ||    92
       Chain mail        |    12 |    56 ||    68
Dodge: Dodged            |    81 |    19 ||   100
